AoeStats
← ska_18

Arena

509625393Analyzed
3v3 RM · 3d ago on Sep 27, 2026· 44m 10s· 6 players
Game mode
Random Map
Map size
Normal (6 player)
Population
200
Speed
Normal
Resources
Standard
Victory
Conquest
Starting age
Dark Age
Ending age
Imperial Age
RankedLock teamsTeams togetherTeam positionsShared explorationLock speedFull tech treeHidden civsTurbo modeCheats
Victory
Defeat
🇦🇹 Saracens · Austria
949
+16
🇮🇱 Portuguese · Israel
924
+17
🇹🇷 Ethiopians · Türkiye
897
+17
🇮🇹 Chinese · Italy
965
-18
🇺🇸 Franks · United States
930
-16
🇨🇳 Huns · China
914
-16
Athegamer
11:07 Feudal Age
17:58 Castle Age
17:15 Double-Bit Axe
20:03 Horse Collar
21:19 Wheelbarrow
20:30 Loom
24:43 Hand Cart
25:04 Bow Saw
25:50 Masonry
31:11 Imperial Age
31:02 Fortified Wall
33:02 Padded Archer Armor
33:23 Ballistics
34:04 Chemistry
33:57 Town Watch
34:29 Leather Archer Armor
37:47 Architecture
39:11 Bow Saw
40:44 Siege Engineers
42:40 Conscription
42:20 Arquebus
ska_18
10:06 Feudal Age
15:18 Castle Age
13:07 Horse Collar
13:38 Loom
18:14 Wheelbarrow
17:43 Double-Bit Axe
20:47 Town Watch
21:40 Forging
22:35 Bow Saw
22:33 Gold Mining
22:38 Stone Mining
24:48 Scale Barding Armor
25:10 Heavy Plow
25:36 Sanctity
25:27 Fervor
27:11 Hand Cart
31:50 Imperial Age
30:17 Gold Shaft Mining
29:34 Fletching
30:55 Murder Holes
31:11 Masonry
31:13 Fortified Wall
31:47 Chain Barding Armor
32:03 Iron Casting
31:26 Bodkin Arrow
32:25 Town Patrol
33:10 Bloodlines
33:01 Husbandry
32:21 Light Cavalry
33:17 Bimaristan
34:13 Chemistry
33:50 Plate Barding Armor
34:18 Blast Furnace
33:43 Conscription
34:45 Hoardings
35:44 Two-Man Saw
34:24 Elite Mameluke
36:09 Coinage
36:41 Bracer
43:45 Caravan
44:15 Banking
SevenLives <3
11:59 Feudal Age
13:24 Double-Bit Axe
13:20 Horse Collar
17:49 Fletching
17:59 Padded Archer Armor
20:41 Castle Age
20:49 Loom
21:39 Wheelbarrow
20:50 Town Watch
20:44 Crossbowman
21:29 Thumb Ring
21:21 Bodkin Arrow
21:42 Leather Archer Armor
22:10 Bow Saw
26:53 Ballistics
27:13 Gold Mining
28:00 Heavy Plow
33:17 Imperial Age
30:49 Town Patrol
32:13 Masonry
32:15 Fortified Wall
31:58 Guard Tower
32:04 Murder Holes
33:42 Hand Cart
35:00 Chemistry
35:15 Two-Man Saw
34:41 Scale Barding Armor
34:47 Forging
36:49 Chain Barding Armor
37:05 Iron Casting
37:08 Bracer
37:19 Bracer
38:01 Husbandry
39:11 Heavy Camel Rider
41:47 Conscription
42:25 Gold Shaft Mining
LORELLO
0:26 Loom
10:16 Feudal Age
11:07 Horse Collar
11:14 Double-Bit Axe
19:20 Castle Age
17:29 Stone Mining
18:00 Gold Mining
22:06 Heavy Plow
30:13 Imperial Age
29:49 Gold Shaft Mining
29:31 Bow Saw
32:34 Heavy Rocket Cart
36:12 Two-Man Saw
Double0D0
11:14 Feudal Age
13:33 Double-Bit Axe
15:50 Castle Age
17:48 Bow Saw
21:54 Wheelbarrow
21:06 Town Watch
24:54 Hand Cart
27:37 Loom
30:48 Imperial Age
28:31 Forging
28:27 Scale Barding Armor
28:15 Gold Mining
28:16 Stone Mining
30:13 Gold Shaft Mining
30:59 Iron Casting
30:44 Chain Barding Armor
31:00 Cavalier
31:41 Husbandry
32:49 Chemistry
31:56 Siege Engineers
33:56 Blast Furnace
33:32 Plate Barding Armor
33:13 Paladin
37:06 Elite Skirmisher
38:03 Fletching
38:14 Padded Archer Armor
38:45 Bodkin Arrow
41:27 Leather Archer Armor
41:57 Fortified Wall
Wu
11:45 Feudal Age
16:01 Castle Age
14:20 Double-Bit Axe
15:28 Stone Mining
16:38 Horse Collar
17:10 Bow Saw
18:02 Loom
19:38 Heavy Plow
26:59 Gold Mining
27:47 Wheelbarrow
28:13 Padded Archer Armor
28:04 Fletching
28:53 Scale Barding Armor
28:59 Forging
29:41 Husbandry
29:52 Bloodlines
30:33 Hand Cart
33:01 Imperial Age
31:00 Hand Cart
32:09 Chain Barding Armor
32:25 Iron Casting
33:20 Iron Casting
33:57 Gold Shaft Mining
34:41 Two-Man Saw
33:31 Cavalier
34:48 Plate Barding Armor
35:13 Blast Furnace
34:44 Paladin
36:53 Caravan
39:44 Scale Mail Armor
39:34 Arson
39:50 Squires
39:10 Pikeman
Connection lost

Rejoining the realm…

Still unreachable

The connection could not be restored.

Session expired

The server has moved on; the page needs a fresh start.